TOP OF THE 1ST |
Kalamazoo Royale with Cheese batting - Pitching for St Charles Sheens : RHP Bill Chase
|
Pitching: RHP Bill Chase
|
|
Batting: LHB Javier Espinoza
|
0-0: Ball 1-0: Called Strike 1-1: Ball 2-1: Ball 3-1: Base on Balls
|
Batting: SHB Caden Keith
|
0-0: Swinging Strike 0-1: Ball 1-1: Ball 2-1: Swinging Strike 2-2: Foul Ball, location: 2F 2-2: Strikes out looking
|
Batting: LHB Jim Clemente
|
0-0: Ball 1-0: 2-RUN HOME RUN (Flyball, 9LD), Distance : 359 ft
|
Batting: LHB Roberto Sandoval
|
0-0: Ball 1-0: Ball 2-0: Ball 3-0: Called Strike 3-1: DOUBLE (Groundball, 3L)
|
Batting: RHB Marlon Phipps
|
0-0: Ball 1-0: Ball 2-0: Foul Ball, location: 2F 2-1: Ball 3-1: Base on Balls
|
Batting: RHB Zander Tremblett
|
0-0: Ball 1-0: Called Strike 1-1: Grounds into double play, 1-6-3 (Groundball, P)
|
Top of the 1st over - 2 runs, 2 hits, 0 errors, 1 left on base; Kalamazoo 2 - St Charles 0 |
BOTTOM OF THE 1ST |
St Charles Sheens batting - Pitching for Kalamazoo Royale with Cheese : RHP Carl Thomas
|
Pitching: RHP Carl Thomas
|
|
Batting: RHB Jesús Hernández
|
0-0: Ball 1-0: Ball 2-0: Foul Ball, location: 2F 2-1: Ball 3-1: Called Strike 3-2: Ground out 5-3 (Groundball, 56S)
|
Batting: LHB Randy Wiggins
|
0-0: Ball 1-0: Foul Ball, location: 2F 1-1: Foul Ball, location: 2F 1-2: Foul Ball, location: 2F 1-2: Foul Ball, location: 2F 1-2: SINGLE (Flyball, 78S)
|
Batting: RHB Lúcio Alfaro
|
0-0: Fly out, F8 (Line Drive, 8RXD)
|
Batting: RHB Shawn Gutiérrez
|
0-0: Swinging Strike 0-1: Ball Randy Wiggins is caught stealing 2nd base
|
Bottom of the 1st over - 0 runs, 1 hit, 0 errors, 0 left on base; Kalamazoo 2 - St Charles 0 |
TOP OF THE 2ND |
Kalamazoo Royale with Cheese batting - Pitching for St Charles Sheens : RHP Bill Chase
|
Batting: LHB Bill McJannett
|
0-0: Called Strike 0-1: Foul Ball, location: 2F 0-2: Ball 1-2: Strikes out swinging
|
Batting: LHB Gene Cooper
|
0-0: Ball 1-0: Foul Ball, location: 2F 1-1: Ball 2-1: SINGLE (Line Drive, 4MD)
|
Batting: LHB Tom Blake
|
0-0: Ball 1-0: SINGLE (Flyball, 89S) Gene Cooper to second Runner from 2nd tries for 3rd, SAFE, throw made at trailing runner, OUT!
|
Batting: LHB Javier Espinoza
|
0-0: Ball 1-0: Ball 2-0: Ball 3-0: Called Strike 3-1: Base on Balls
|
Batting: SHB Caden Keith
|
0-0: Swinging Strike 0-1: Ball 1-1: Foul Ball, location: 2F 1-2: Foul Ball, location: 2F 1-2: Foul Ball, location: 2F 1-2: Ball 2-2: Ball 3-2: Base on Balls Javier Espinoza to second
|
Batting: LHB Jim Clemente
|
0-0: Called Strike 0-1: TRIPLE (Line Drive, 8LXD) Gene Cooper scores Javier Espinoza scores Caden Keith scores
|
Batting: LHB Roberto Sandoval
|
0-0: Ball 1-0: Ball 2-0: Called Strike 2-1: DOUBLE (Line Drive, 89XD) Jim Clemente scores
|
Pitching: RHP Augusto Herrera
|
|
Batting: RHB Marlon Phipps
|
0-0: Ball Passed Ball! Roberto Sandoval to third 1-0: Foul Ball, location: 2F 1-1: Swinging Strike 1-2: Fly out, F4 (Popup, 4S)
|
Top of the 2nd over - 4 runs, 4 hits, 0 errors, 1 left on base; Kalamazoo 6 - St Charles 0 |
BOTTOM OF THE 2ND |
St Charles Sheens batting - Pitching for Kalamazoo Royale with Cheese : RHP Carl Thomas
|
Batting: RHB Shawn Gutiérrez
|
0-0: Ball 1-0: Fly out, F7 (Flyball, 78D)
|
Batting: LHB Larry Howard
|
0-0: Ground out 4-3 (Groundball, 4D)
|
Batting: RHB Judson Backstrom
|
0-0: Ball 1-0: Called Strike 1-1: SOLO HOME RUN (Flyball, 7LD), Distance : 344 ft
|
Batting: RHB Rob Brady
|
0-0: Called Strike 0-1: Ball 1-1: Ball 2-1: Foul Ball, location: 2F 2-2: Fly out, F3 (Popup, 3S)
|
Bottom of the 2nd over - 1 run, 1 hit, 0 errors, 0 left on base; Kalamazoo 6 - St Charles 1 |
TOP OF THE 3RD |
Kalamazoo Royale with Cheese batting - Pitching for St Charles Sheens : RHP Augusto Herrera
|
Batting: RHB Zander Tremblett
|
0-0: Foul Ball, location: 2F 0-1: Ball 1-1: Foul Ball, location: 2F 1-2: Strikes out swinging
|
Batting: LHB Bill McJannett
|
0-0: Called Strike 0-1: Swinging Strike 0-2: Ball 1-2: Foul Ball, location: 2F 1-2: Strikes out looking
|
Batting: LHB Gene Cooper
|
0-0: Ball 1-0: Ball 2-0: Ball 3-0: Ground out 1-3 (Groundball, 15S)
|
Top of the 3rd over - 0 runs, 0 hits, 0 errors, 0 left on base; Kalamazoo 6 - St Charles 1 |
BOTTOM OF THE 3RD |
St Charles Sheens batting - Pitching for Kalamazoo Royale with Cheese : RHP Carl Thomas
|
Batting: RHB Glen MacDonald
|
0-0: Ball 1-0: Called Strike 1-1: Foul Ball, location: 2F 1-2: Foul Ball, location: 2F 1-2: Ball 2-2: Foul Ball, location: 2F 2-2: Ball 3-2: SINGLE (Groundball, 6D)
|
Batting: LHB Nick Gamble
|
0-0: Ball 1-0: Ball 2-0: Ball 3-0: Called Strike 3-1: Foul Ball, location: 2F 3-2: Fielders Choice at 2nd, 5-4 (Groundball, 56)
|
Batting: RHB Jesús Hernández
|
0-0: Ball 1-0: Called Strike 1-1: Ball 2-1: Foul Ball, location: 2F 2-2: SINGLE (Line Drive, 8RS) Nick Gamble to second
|
Batting: LHB Randy Wiggins
|
0-0: Ball Nick Gamble is caught stealing 3rd base Jesús Hernández to second 1-0: Foul Ball, location: 2F 1-1: SINGLE (Line Drive, 3D) Jesús Hernández to third Runner from 3rd tries for Home, SAFE, no throw
|
Batting: RHB Lúcio Alfaro
|
0-0: Called Strike 0-1: Ball 1-1: Ball 2-1: Foul Ball, location: 2F 2-2: Foul Ball, location: 2F 2-2: Foul Ball, location: 2F 2-2: Ground out 4-3 (Groundball, 4M)
|
Bottom of the 3rd over - 1 run, 3 hits, 0 errors, 1 left on base; Kalamazoo 6 - St Charles 2 |
TOP OF THE 4TH |
Kalamazoo Royale with Cheese batting - Pitching for St Charles Sheens : RHP Augusto Herrera
|
Batting: LHB Tom Blake
|
0-0: Ball 1-0: Called Strike 1-1: SINGLE (Groundball, 4D)
|
Batting: LHB Javier Espinoza
|
0-0: Called Strike 0-1: 2-RUN HOME RUN (Flyball, 9LD), Distance : 352 ft
|
Batting: SHB Caden Keith
|
0-0: Foul Ball, location: 2F 0-1: Foul Ball, location: 2F 0-2: Ball 1-2: Ball 2-2: Foul Ball, location: 2F 2-2: Ball 3-2: Ground out 5-3 (Groundball, 56)
|
Batting: LHB Jim Clemente
|
0-0: Called Strike 0-1: Called Strike 0-2: Strikes out swinging
|
Batting: LHB Roberto Sandoval
|
0-0: Called Strike 0-1: Foul Ball, location: 2F 0-2: Ball 1-2: Foul Ball, location: 2F 1-2: Fly out, F9 (Flyball, 9D)
|
Top of the 4th over - 2 runs, 2 hits, 0 errors, 0 left on base; Kalamazoo 8 - St Charles 2 |
BOTTOM OF THE 4TH |
St Charles Sheens batting - Pitching for Kalamazoo Royale with Cheese : RHP Carl Thomas
|
Batting: RHB Shawn Gutiérrez
|
0-0: Foul Ball, location: 2F 0-1: Ball 1-1: Ball 2-1: SINGLE (Line Drive, 8RS)
|
Batting: LHB Larry Howard
|
0-0: Called Strike 0-1: Grounds into double play, 4-6-3 (Groundball, 4)
|
Batting: RHB Judson Backstrom
|
0-0: Ball 1-0: Ground out 3-1 (Groundball, 34S)
|
Bottom of the 4th over - 0 runs, 1 hit, 0 errors, 0 left on base; Kalamazoo 8 - St Charles 2 |
TOP OF THE 5TH |
Kalamazoo Royale with Cheese batting - Pitching for St Charles Sheens : RHP Augusto Herrera
|
Batting: RHB Marlon Phipps
|
0-0: Ball 1-0: Ball 2-0: Ball 3-0: Called Strike 3-1: Foul Ball, location: 2F 3-2: Strikes out swinging
|
Batting: RHB Zander Tremblett
|
0-0: Ball 1-0: Foul Ball, location: 2F 1-1: SINGLE (Groundball, 6D)
|
Batting: LHB Bill McJannett
|
0-0: Ball 1-0: Foul Ball, location: 2F 1-1: SINGLE (Groundball, 6MS) (infield hit) Zander Tremblett to second
|
Batting: LHB Gene Cooper
|
0-0: Fly out, F9 (Line Drive, 89D)
|
Batting: LHB Tom Blake
|
0-0: Called Strike 0-1: Foul Ball, location: 2F 0-2: Strikes out swinging
|
Top of the 5th over - 0 runs, 2 hits, 0 errors, 2 left on base; Kalamazoo 8 - St Charles 2 |
BOTTOM OF THE 5TH |
St Charles Sheens batting - Pitching for Kalamazoo Royale with Cheese : RHP Carl Thomas
|
Pitching: RHP Kitahachi Okada
|
|
Batting: RHB Rob Brady
|
0-0: Ball 1-0: Called Strike 1-1: Ball 2-1: Foul Ball, location: 2F 2-2: Fly out, F7 (Line Drive, 7D)
|
Batting: RHB Glen MacDonald
|
0-0: Ball 1-0: Swinging Strike 1-1: Called Strike 1-2: Ball 2-2: Strikes out swinging
|
Batting: LHB Nick Gamble
|
0-0: Ball 1-0: Swinging Strike 1-1: Ball 2-1: Fly out, F7 (Line Drive, 7)
|
Bottom of the 5th over - 0 runs, 0 hits, 0 errors, 0 left on base; Kalamazoo 8 - St Charles 2 |
TOP OF THE 6TH |
Kalamazoo Royale with Cheese batting - Pitching for St Charles Sheens : RHP Augusto Herrera
|
Pinch Hitting: LHB Ron Robinson
|
0-0: Fly out, F2 (Popup, 23F)
|
Pinch Hitting: RHB Eugene Gill
|
0-0: Swinging Strike 0-1: Fly out, F6 (Line Drive, 6)
|
Pinch Hitting: LHB Lorenzo Quintanilla
|
0-0: Called Strike 0-1: Swinging Strike 0-2: Ball 1-2: Foul Ball, location: 2F 1-2: Ball 2-2: Ground out 5-3 (Groundball, 56)
|
Top of the 6th over - 0 runs, 0 hits, 0 errors, 0 left on base; Kalamazoo 8 - St Charles 2 |
BOTTOM OF THE 6TH |
St Charles Sheens batting - Pitching for Kalamazoo Royale with Cheese : RHP Kitahachi Okada
|
Now at 1B: Ron Robinson
|
|
Now at 2B: Eugene Gill
|
|
Now in LF: Lorenzo Quintanilla
|
|
Batting: RHB Jesús Hernández
|
0-0: Ground out 5-3 (Groundball, 56)
|
Batting: LHB Randy Wiggins
|
0-0: Ball 1-0: Ball 2-0: Ball 3-0: Called Strike 3-1: Foul Ball, location: 2F 3-2: SOLO HOME RUN (Flyball, 9D), Distance : 392 ft
|
Batting: RHB Lúcio Alfaro
|
0-0: Foul Ball, location: 2F 0-1: Ball 1-1: Foul Ball, location: 2F 1-2: SINGLE (Groundball, 56) (infield hit)
|
Batting: RHB Shawn Gutiérrez
|
0-0: Called Strike 0-1: Ball 1-1: Foul Ball, location: 2F 1-2: Ground out 5-3 (Groundball, 56S) Lúcio Alfaro to second
|
Batting: LHB Larry Howard
|
0-0: Called Strike 0-1: Fly out, F4 (Line Drive, 4)
|
Bottom of the 6th over - 1 run, 2 hits, 0 errors, 1 left on base; Kalamazoo 8 - St Charles 3 |
TOP OF THE 7TH |
Kalamazoo Royale with Cheese batting - Pitching for St Charles Sheens : RHP Augusto Herrera
|
Pitching: LHP Clarence Gill
|
|
Pinch Hitting: RHB Fernando Díaz
|
0-0: Called Strike 0-1: Ball 1-1: Foul Ball, location: 2F 1-2: Ball 2-2: Fly out, F2 (Popup, 23F)
|
Batting: RHB Eric Johnson
|
0-0: Swinging Strike 0-1: Ball 1-1: Foul Ball, location: 2F 1-2: Strikes out swinging
|
Batting: RHB Zander Tremblett
|
0-0: Ball 1-0: Ball 2-0: Fly out, F9 (Flyball, 89S)
|
Top of the 7th over - 0 runs, 0 hits, 0 errors, 0 left on base; Kalamazoo 8 - St Charles 3 |
BOTTOM OF THE 7TH |
St Charles Sheens batting - Pitching for Kalamazoo Royale with Cheese : RHP Kitahachi Okada
|
Now at 3B: Gary Wyatt
|
|
Batting: RHB Judson Backstrom
|
0-0: Ball 1-0: Ball 2-0: Ground out U3 (Groundball, 34S)
|
Batting: RHB Rob Brady
|
0-0: Swinging Strike 0-1: Foul Ball, location: 2F 0-2: Strikes out swinging
|
Batting: RHB Glen MacDonald
|
0-0: Foul Ball, location: 2F 0-1: Foul Ball, location: 2F 0-2: Strikes out swinging
|
Bottom of the 7th over - 0 runs, 0 hits, 0 errors, 0 left on base; Kalamazoo 8 - St Charles 3 |
TOP OF THE 8TH |
Kalamazoo Royale with Cheese batting - Pitching for St Charles Sheens : LHP Clarence Gill
|
Pinch Hitting: RHB José Estrada
|
0-0: Ball 1-0: Ball 2-0: Called Strike 2-1: Ball 3-1: Base on Balls
|
Pinch Hitting: LHB Keith Tillman
|
0-0: Swinging Strike 0-1: Ball 1-1: Ball 2-1: Foul Ball, location: 2F 2-2: Strikes out looking
|
Batting: LHB Tom Blake
|
0-0: Ball 1-0: Ball 2-0: Called Strike 2-1: Foul Ball, location: 2F 2-2: Ball 3-2: Strikes out swinging José Estrada steals 2nd base Batter strikes out.
|
Batting: LHB Ron Robinson
|
0-0: Swinging Strike 0-1: Swinging Strike 0-2: Ball 1-2: Strikes out looking
|
Top of the 8th over - 0 runs, 0 hits, 0 errors, 1 left on base; Kalamazoo 8 - St Charles 3 |
BOTTOM OF THE 8TH |
St Charles Sheens batting - Pitching for Kalamazoo Royale with Cheese : RHP Kitahachi Okada
|
Now at SS: Keith Tillman
|
|
Now in CF: José Estrada
|
|
Batting: LHB Nick Gamble
|
0-0: Ball 1-0: Called Strike 1-1: Foul Ball, location: 2F 1-2: Foul Ball, location: 2F 1-2: Ball 2-2: SINGLE (Groundball, 6MD)
|
Pinch Hitting: RHB Ramón Molina
|
0-0: Called Strike 0-1: Ball 1-1: Foul Ball, location: 2F 1-2: Foul Ball, location: 2F 1-2: Ball 2-2: Grounds into double play, 4-6-3 (Groundball, 4)
|
Pinch Hitting: RHB Miguel Palácios
|
0-0: Ball 1-0: Foul Ball, location: 2F 1-1: Ball 2-1: Reached via error on a dropped throw, E3
|
Pitching: LHP Juan Fuentes
|
|
Pinch Hitting: SHB Henry Copeland
|
0-0: Ball 1-0: Called Strike 1-1: Foul Ball, location: 2F 1-2: Ground out 5-3 (Groundball, 56S)
|
Bottom of the 8th over - 0 runs, 1 hit, 1 error, 1 left on base; Kalamazoo 8 - St Charles 3 |
TOP OF THE 9TH |
Kalamazoo Royale with Cheese batting - Pitching for St Charles Sheens : LHP Clarence Gill
|
Now at 2B: Miguel Palácios
|
|
Now in LF: Salvador Rodríguez
|
|
Now in CF: Víctor Arredondo
|
|
Batting: RHB Eugene Gill
|
0-0: Ball 1-0: Foul Ball, location: 2F 1-1: Called Strike 1-2: Foul Ball, location: 2F 1-2: Strikes out swinging
|
Batting: LHB Lorenzo Quintanilla
|
0-0: Swinging Strike 0-1: Ball 1-1: Ball 2-1: Foul Ball, location: 2F 2-2: Ball 3-2: Strikes out swinging
|
Batting: RHB Gary Wyatt
|
0-0: SINGLE (Groundball, 34D)
|
Batting: RHB Eric Johnson
|
0-0: Ball 1-0: Ball 2-0: DOUBLE (Line Drive, 9LM) Gary Wyatt to third Runner from 3rd tries for Home, SAFE, no throw
|
Pinch Hitting: RHB Millard Boyd
|
0-0: Foul Ball, location: 2F 0-1: Ball 1-1: Foul Ball, location: 2F 1-2: Foul Ball, location: 2F 1-2: Ball 2-2: Foul Ball, location: 2F 2-2: Foul Ball, location: 2F 2-2: Fly out, F8 (Flyball, 8LM)
|
Top of the 9th over - 1 run, 2 hits, 0 errors, 1 left on base; Kalamazoo 9 - St Charles 3 |
BOTTOM OF THE 9TH |
St Charles Sheens batting - Pitching for Kalamazoo Royale with Cheese : LHP Juan Fuentes
|
Now at C: Alberto Campos
|
|
Pinch Hitting: RHB Walton Smith
|
0-0: Called Strike 0-1: Called Strike 0-2: Ball 1-2: Ball 2-2: Strikes out swinging
|
Pinch Hitting: RHB Lorenzo González
|
0-0: SOLO HOME RUN (Flyball, 7D), Distance : 388 ft
|
Batting: RHB Judson Backstrom
|
0-0: Called Strike 0-1: Ball 1-1: Called Strike 1-2: SOLO HOME RUN (Flyball, 7D), Distance : 393 ft
|
Pitching: RHP Clint Tancock
|
|
Pinch Hitting: LHB Benny Richard
|
0-0: Fly out, F7 (Line Drive, 7)
|
Pinch Hitting: RHB José Ortega
|
0-0: Called Strike 0-1: Ball 1-1: Foul Ball, location: 2F 1-2: Ball 2-2: Ball 3-2: SINGLE (Groundball, 5D)
|
Batting: LHB Nick Gamble
|
0-0: Fly out, F7 (Flyball, 7S)
|
Bottom of the 9th over - 2 runs, 3 hits, 0 errors, 1 left on base; Kalamazoo 9 - St Charles 5 |
|